 Dungeon Crawl Stone Soup version 0.30.0-29-ga12c61a403 (webtiles) character file.

Game seed: 3191075326965006356

4577 Graphine the Cleaver (level 10, -5/139 HPs)
             Began as a Minotaur Berserker on June 15, 2023.
             Was an Elder of Trog.
             Slain by a vampire
             ... wielding a +2 vampiric glaive
              (12 damage)
             ... in a bailey.
             The game lasted 00:22:59 (7253 turns).

Graphine the Cleaver (Minotaur Berserker)           Turns: 7253, Time: 00:23:00

Health: -5/139     AC: 21    Str: 31    XL:     10   Next: 18%
Magic:  9/9        EV: 10    Int: 10    God:    Trog [****..]
Gold:   172        SH:  0    Dex: 10    Spells: 9/9 levels left

rFire   + . .        p - +12 dagger of Henacw {heavy, Str+2}
rCold   . . .        (no shield)
rNeg    . . .        G - +7 plate armour "Rethrywei" {+Blink rPois Str+3}
rPois   +            (helmet restricted)
rElec   .            i - scarf {repulsion}
rCorr   .            (no gloves)
SInv    .            (no boots)
Will    +....        t - amulet of regeneration Stlth
                     g - ring of willpower
HPRegen 1.23/turn    x - ring of Propriety {Drain rPois rF+ Int+6 Stlth+}
MPRegen 0.11/turn

%: repel missiles
@: berserking, very quick
A: horns 2, retaliatory headbutt
a: Renounce Religion, Evoke Blink, Berserk, Trog's Hand, Brothers in Arms


You were in a bailey.
You worshipped Trog.
Trog was greatly pleased with you.
You visited 1 branch of the dungeon, and saw 8 of its levels.
You also visited: Ossuary and Bailey.

You collected 502 gold pieces.
You spent 330 gold pieces at shops.

Inventory:

Hand Weapons
 e - a +3 quarterstaff of chaos
 h - a +0 sling
 p - the +12 dagger of Henacw (weapon) {heavy, Str+2}
   (You found it on level 2 of the Dungeon)

   Str:       It affects your strength (+2).
 E - a +0 battleaxe
Missiles
 u - 2 throwing nets
 w - 4 boomerangs (quivered)
Armour
 i - a scarf of repulsion (worn)
 j - a +4 plate armour of fire resistance
 G - the +7 plate armour "Rethrywei" (worn) {+Blink rPois Str+3}
   (You found it in a bailey)

   Str:       It affects your strength (+3).
   rPois:     It protects you from poison.
   +Blink:    It lets you blink.
Jewellery
 g - a ring of willpower (left hand)
 l - a ring of magical power
 t - an amulet of regeneration (around neck)
 x - the ring of Propriety (right hand) {Drain rPois rF+ Int+6 Stlth+}
   (You found it on level 6 of the Dungeon)

   [ring of protection from fire]

   Int:       It affects your intelligence (+6).
   rF:        It protects you from fire.
   rPois:     It protects you from poison.
   Drain:     It drains your maximum health when unequipped.
   Stlth:     It makes you more stealthy.
 y - an amulet of magic regeneration
 C - a ring of see invisible
Wands
 a - a wand of quicksilver (11)
 b - a wand of paralysis (16)
 c - a wand of polymorph (5)
 z - a wand of flame (44)
Scrolls
 k - 4 scrolls of teleportation
 o - a scroll of identify
 q - a scroll of enchant weapon
 D - a scroll of brand weapon
Potions
 d - 2 potions of lignification
 f - 3 potions of curing
 m - 4 potions of invisibility
 n - 6 potions of haste
 r - 2 potions of degeneration
 s - 2 potions of resistance
 v - a potion of magic
 A - a potion of brilliance {unknown}
 B - 4 potions of might
 F - a potion of mutation {unknown}


   Skills:
 * Level 10.3 Fighting
 * Level 8.3 Short Blades
 * Level 10.3 Axes
 * Level 10.0 Armour
 + Level 6.7 Dodging


You had 9 spell levels left.
You didn't know any spells.
Your spell library was empty.

Dungeon Overview and Level Annotations

Branches:
Dungeon (8/15)             Temple (0/1) D:6         Ossuary (visited)
 Bailey (1/1)
   Lair: D:8-11

Altars:
Dithmenos
Elyvilon
Okawaru
Sif Muna
Uskayaw
Vehumet
Wu Jian
Zin

Shops:
D:2 (   D:5 (   D:7 :=   D:8 **


Innate Abilities, Weirdness & Mutations

You have a pair of horns on your head.
You reflexively headbutt those who attack you in melee.


Message History

Something draws life force from you!
You hit something.
The vampire bat bites you but does no damage.
Something hits you. Something bites you but does no damage.
You hit something.
The vampire bat bites you but does no damage.
Something hits you! Something bites you!
* * * LOW HITPOINT WARNING * * *
Something draws strength from your injuries!
You hit something but do no damage. You punch something.
The vampire bat barely misses you.
Okay, then.
A red film seems to cover your vision as you go berserk!
You feel yourself moving faster!
You feel mighty! The vampire bat closely misses you. You furiously retaliate!
You headbutt the vampire bat. Something draws life force from you!
* * * LOW HITPOINT WARNING * * *
The vampire bat bites you but does no damage.
You hit something.
The vampire bat bites you but does no damage.
Something hits you.
* * * LOW HITPOINT WARNING * * *
Something bites you but does no damage.
You hit something but do no damage. Your headbutt misses something.
Something hits you!
* * * LOW HITPOINT WARNING * * *
Something bites you!
* * * LOW HITPOINT WARNING * * *
Something draws strength from your injuries!
The vampire bat bites you but does no damage.
You are too berserk!
You miss something.
The vampire bat bites you but does no damage.
Unknown command.
You puncture the vampire bat!
You feel the power of Trog in you as your rage grows.
You destroy the vampire bat!
Trog accepts your kill. Something hits you!
You die...

#8..##..8# #..####..#
##########..####..#
#.......8#...##...#
#8..)....##......##
#######...##....##
#8....##...##''###
#......#.........#
#..@...)........8#
#.{.#....#########
...'...##..##.....8#
....'....####.......#
....####...#........#
....
#...)..)....##### +##
#....)......#..[#
#.......♣♣..#÷÷÷#
#........♣..#)÷.#


There were no monsters in sight!

Vanquished Creatures
  A gargoyle (Bailey)
  Grinder (D:3)
  2 water moccasins
  2 black bears
  2 ice beasts
  2 orc warriors
  An ogre (D:6)
  4 centaurs
  A phantom (D:5)
  2 bullfrogs (D:7)
  A gnoll sergeant (D:7)
  4 scorpions
  2 water moccasin zombies (Ossuary)
  7 wights
  3 electric eels (D:8)
  A howler monkey (D:6)
  7 vampire bats (Bailey)
  4 jellies
  2 orc priests (D:4)
  Crazy Yiuf (D:2)
  5 hounds
  3 iguanas
  A sleepcap (D:6)
  2 orc wizards
  2 mummies (Ossuary)
  6 gnolls
  5 adders
  A shadow imp (D:6)
  A white imp (D:5)
  An ufetubus (D:4)
  5 adder zombies (Ossuary)
  3 worms
  A dart slug (D:1)
  19 orcs
  9 endoplasms
  7 giant cockroaches
  14 goblins
  8 hobgoblins
  2 jackals (D:4)
  7 kobolds
  7 quokkas
  3 ball pythons
  4 bats
  2 frilled lizards (D:1)
  3 hobgoblin zombies (Ossuary)
  6 kobold zombies (Ossuary)
  21 orc zombies
  5 rats
203 creatures vanquished.

Notes
Turn   | Place    | Note
-------+----------+-------------------------------------------
     0 | D:1      | Graphine the Minotaur Berserker began the quest for the
                  | Orb.
     0 | D:1      | Reached XP level 1. HP: 19/19 MP: 0/0
   257 | D:1      | Reached XP level 2. HP: 25/27 MP: 1/1
  1285 | D:2      | Reached XP level 3. HP: 33/33 MP: 2/2
  1318 | D:2      | Found Ostrarag's Antique Weapon Shoppe.
  1355 | D:2      | Found a runed translucent door.
  1356 | D:2      | Noticed Crazy Yiuf
  1363 | D:2      | Killed Crazy Yiuf
  1561 | D:2      | Reached XP level 4. HP: 41/41 MP: 3/3
  1576 | D:2      | Reached ** piety under Trog
  1776 | D:2      | Identified the +12 dagger of Henacw {heavy, Str+2}
  2025 | D:3      | Noticed a water moccasin
  2033 | D:3      | Killed a water moccasin
  2034 | D:3      | Reached skill level 1 in Short Blades
  2034 | D:3      | Reached skill level 5 in Axes
  2034 | D:3      | Reached XP level 5. HP: 29/47 MP: 4/4
  2573 | D:3      | Noticed Grinder
  2582 | D:3      | Killed Grinder
  2583 | D:3      | Reached skill level 5 in Fighting
  2583 | D:3      | Reached XP level 6. HP: 50/56 MP: 5/5
  3226 | D:4      | Reached skill level 5 in Armour
  3226 | D:4      | Reached XP level 7. HP: 49/61 MP: 6/6
  4161 | D:5      | Entered Level 5 of the Dungeon
  4161 | D:5      | Found Diahaesk's Antique Weapon Emporium.
  4162 | D:5      | Reached skill level 5 in Dodging
  4162 | D:5      | Reached XP level 8. HP: 78/78 MP: 7/7
  4299 | D:5      | Reached *** piety under Trog
  4463 | D:5      | Found a sand-covered staircase.
  4467 | Ossuary  | Entered an ossuary
  4492 | Ossuary  | Reached XP level 9. HP: 84/84 MP: 8/8
  4728 | D:5      | Reached **** piety under Trog
  5331 | D:6      | Identified the ring of Propriety {Drain rPois rF+ Int+6
                  | Stlth+}
  5595 | D:6      | Found a staircase to the Ecumenical Temple.
  5963 | D:7      | Found Xamaom's Book Shoppe.
  6118 | D:7      | Found Diciwn's Jewellery Emporium.
  6125 | D:7      | Bought an amulet of regeneration for 330 gold pieces
  6148 | D:7      | Found an iron altar of Okawaru.
  6148 | D:7      | Found a radiant altar of Vehumet.
  6148 | D:7      | Found a glowing silver altar of Zin.
  6304 | D:7      | Found a hide-covered altar of Uskayaw.
  6307 | D:7      | Found an ornate altar of the Wu Jian Council.
  6309 | D:7      | Found a shimmering blue altar of Sif Muna.
  6318 | D:7      | Reached skill level 10 in Axes
  6320 | D:7      | Found a white marble altar of Elyvilon.
  6321 | D:7      | Found a shadowy altar of Dithmenos.
  6609 | D:8      | Found Baefron's General Store.
  6625 | D:8      | Reached skill level 10 in Fighting
  6682 | D:8      | Found Sataon's Specific Store.
  6759 | D:8      | Reached XP level 10. HP: 30/93 MP: 9/9
  6892 | D:8      | Found a flagged portal.
  6899 | Bailey   | Entered a bailey
  7006 | Bailey   | Noticed a gargoyle
  7013 | Bailey   | Killed a gargoyle
  7181 | Bailey   | Identified the +7 plate armour "Rethrywei" {+Blink rPois
                  | Str+3}
  7239 | Bailey   | Reached skill level 10 in Armour
  7251 | Bailey   | HP: 5/139 [something (7)]
  7253 | Bailey   | Slain by a vampire

Illustrated notes

Levels and vault maps discovered:
D:1:      dpeg_arrival_erosion, layout_basic, minmay_misc_feat_room,
          kennysheep_nondescript
D:2:      cheibrodos_helix_gallery, layout_basic, serial_shops,
          nicolae_shop_window_shopping, uniq_crazy_yiuf_cottage
D:3:      layout_loops_corners, nicolae_elevator_lobby_asterisk, uniq_grinder
D:4:      layout_gridville, minmay_crystal_water, minivault_5
D:5:      layout_loops_ring, serial_shops, shop, nicolae_ossuary_entry_plus,
          minivault_26, hangedman_decor_growths
D:6:      layout_cave_pools, temple_green, nicolae_eternal_life,
          uniq_prince_ribbit1
D:7:      layout_basic, nicolae_overflow_hallway_of_the_gods, serial_shops,
          nicolae_diamond_shop, nicolae_shop_rolling_square
D:8:      layout_rooms, erik_lair_dragon, enter_bailey_3,
          nicolae_specific_store, chequers_big_river
Bailey:   bailey_polearm_vampire_castle_hellmonk, bailey

Skill      XL: |  1  2  3  4  5  6  7  8  9 10 |
---------------+-------------------------------+-----
Axes           | 4 5 9 10 | 10.3
Fighting       | 4 5 9 10 | 10.3
Armour         | 3 4 5 8 9 10 | 10.0
Short Blades   | 1 2 7 8 |  8.3
Dodging        | 3 5 6 |  6.7

Action                     |  1- 3 |  4- 6 |  7- 9 | 10-12 || total
---------------------------+-------+-------+-------+-------++-------
  Melee: Hand axe          |    58 |    20 |       |       ||    78
         Headbutt          |     5 |     6 |    32 |    12 ||    55
         Quarterstaff      |     6 |       |       |       ||     6
         Unarmed           |     2 |       |       |       ||     2
         Dagger            |       |    46 |   230 |    63 ||   339
         Punch             |       |     1 |     5 |     2 ||     8
   Fire: Sling             |     4 |       |       |       ||     4
  Throw: Boomerang         |       |    29 |    18 |       ||    47
 Invoke: Berserk           |     1 |     1 |     2 |     2 ||     6
         Trog's Hand       |       |       |     1 |       ||     1
  Evoke: Wand              |       |       |     4 |       ||     4
    Use: Scroll            |     3 |     2 |    16 |       ||    21
         Potion            |       |     1 |     1 |       ||     2
 Armour: Animal skin       |     3 |       |       |       ||     3
         Scale mail        |    15 |    25 |     1 |       ||    41
         Leather armour    |     3 |       |       |       ||     3
         Chain mail        |       |       |   101 |    28 ||   129
         Plate armour      |       |       |       |    49 ||    49
  Dodge: Dodged            |    27 |    57 |   110 |    56 ||   250
         Repelled          |       |       |     1 |       ||     1
